 Dungeon Crawl Stone Soup version 0.29.0-4-gdea44cf6ec (webtiles) character file.

Game seed: 11889895283760701243

53 qw the Chopper (level 3, -1/21 HPs)
             Began as a Tengu Warper on Aug 29, 2022.
             Succumbed to their own poison gas
             ... on level 2 of the Dungeon.
             The game lasted 00:00:25 (2236 turns).

qw the Chopper (Tengu Warper)                       Turns: 2236, Time: 00:00:26

Health: -1/21      AC: 12    Str: 13    XL:     3   Next: 89%
Magic:  7/7        EV:  3    Int: 13    God:
Gold:   127        SH:  0    Dex: 13    Spells: 6/6 levels left

rFire   . . .      SeeInvis .   Y - +0 hand axe
rCold   . . .      Faith    .   (no shield)
rNeg    . . .      Spirit   .   j - +0 plate armour
rPois   .          Reflect  .   (helmet restricted)
rElec   .          Harm     .   f - +0 cloak
rCorr   .          Rampage  .   a - +0 pair of gloves
Will    .....                   (boots unavailable)
Stlth   ..........              (no amulet)
HPRegen 0.07/turn               (no ring)
MPRegen 0.10/turn               (no ring)

@: lethally poisoned (-1 -> -9)
A: beak, talons 3
a: no special abilities


You were on level 2 of the Dungeon.
You visited 1 branch of the dungeon, and saw 2 of its levels.

You collected 127 gold pieces.


Innate Abilities, Weirdness & Mutations

You have a beak for a mouth.
You have claws for feet.


   Skills:
 - Level 2.0 Fighting
 - Level 4.5 Axes
 - Level 1.0 Throwing
 + Level 1.1 Armour
 - Level 2.1 Dodging
 - Level 2.0 Spellcasting
 - Level 2.4 Translocations


You had 6 spell levels left.
You didn't know any spells.
Your spell library contained the following spells:

 Spells                   Type           Power      Damage    Failure   Level
 Blink                    Tloc           14%        N/A       100%        2
 Gell's Gravitas          Tloc           7%         N/A       100%        3
 Lesser Beckoning         Tloc           7%         N/A       100%        3
 Teleport Other           Tloc           7%         N/A       100%        3
 Manifold Assault         Tloc           7%         N/A       100%        5

Inventory:

Hand Weapons
 b - a +0 whip
 Y - a +0 hand axe (weapon)
Armour
 a - a +0 pair of gloves (worn)
 f - a +0 cloak (worn)
 j - a +0 plate armour (worn)
Scrolls
 g - a scroll of identify
Potions
 i - a potion of haste {unknown}
 k - a potion of magic {unknown}

Dungeon Overview and Level Annotations

Branches:
Dungeon (2/15)

Altars:


Message History

2227 ||| DROPPING +0 ring mail of positive energy.
You drop a +0 ring mail of positive energy.
Done exploring.
2228 ||| DROPPING amulet of faith.
You drop an amulet of faith.
Done exploring.
2229 ||| READING scroll labelled YRGHAG BIEGUZ.
The air fills with toxic fumes!
As you read the scroll labelled YRGHAG BIEGUZ, it crumbles to dust.
It was a scroll of poison.
Done exploring.
2230 ||| READING scroll labelled VIURIA HOHYGOS.
As you read the scroll labelled VIURIA HOHYGOS, it crumbles to dust.
You assume a fearsome visage.
Nothing appears to happen.
It was a scroll of fear.
Done exploring.
2231 ||| READING 2 scrolls labelled ASISAU WENLUPP.
As you read the scroll labelled ASISAU WENLUPP, it crumbles to dust.
It is a scroll of identify.
Really abort (and waste the scroll)?
Done exploring.
(D) Dungeon
Where to? (* - list waypoints, Enter - D:2, ? - help)
What level of the Dungeon? (default 1, ? - help) Sorry, I don't know how to get there.
Done exploring.
2232 ||| Stepping randomly (stuck).
Really walk into that cloud of poison gas?
You are engulfed in poison gas.
You are lethally poisoned!
You feel very sick.
2233 ||| Stepping ~*~*~tactically~*~*~ (cloud).
You feel very sick.
Things that are here:
an amulet of faith; a +0 ring mail of positive energy
There is a lethal amount of poison in your body!
You feel very sick.
There is a lethal amount of poison in your body!
You feel very sick.
There is a lethal amount of poison in your body!
You die...

...# #.##.# #.# ### #..#
#### #.##.# #¤# #...
#.##.# #¤# #.## #####.##)#
#¤# #.# #).......# #¤# #.#
# #.###.#### #¤# #.# # #.#
#.# #¤# #.# # #.###.##
#¤####### #.# # #.##..>##
#@¤000¤¤#######.# #
#.#.#.#.##
#######0#.......# #
#........# #.#.####### #
###.#.#.## #.#.# # ##....#
#.#.# # ##.#.# #.#.#
#######.#.############.#.#
........#.##.............#
#########.##.########.##.#


There were no monsters in sight!

Vanquished Creatures
  A worm (D:2)
  2 dart slugs (D:1)
  A ball python (D:2)
  4 bats
  4 endoplasms
  3 giant cockroaches (D:1)
  4 hobgoblins
  3 quokkas (D:1)
  6 frilled lizards
  6 goblins
  6 kobolds
  4 rats
44 creatures vanquished.

Vanquished Creatures (others)
  A demonic plant (D:1)
  3 plants (D:1)
  A withered plant (D:1)
5 creatures vanquished.

Grand Total: 49 creatures vanquished

Notes
Turn   | Place    | Note
-------+----------+-------------------------------------------
     0 | D:1      | qw the Tengu Warper began the quest for the Orb.
     0 | D:1      | Reached XP level 1. HP: 12/12 MP: 4/4
     0 | D:1      | 0 ||| qw: Version: 0.1-a-89-g26bdef1
     0 | D:1      | 0 ||| qw: Game counter: 3495
     0 | D:1      | 0 ||| qw: Always use a shield: true
     0 | D:1      | 0 ||| qw: God list: Okawaru
     0 | D:1      | 0 ||| qw: Allow faded altars: false
     0 | D:1      | 0 ||| qw: Do Orc after D:15 true
     0 | D:1      | 0 ||| qw: Do second Lair branch before Depths: true
     0 | D:1      | 0 ||| qw: Lair rune preference: random
     0 | D:1      | 0 ||| qw: Plans: Normal
     0 | D:1      | 0 ||| PLANNING D:1-11
   152 | D:1      | Reached skill level 3 in Axes
   152 | D:1      | Reached XP level 2. HP: 17/17 MP: 6/6
   191 | D:1      | 191 ||| Stepping ~*~*~tactically~*~*~ (stealth).
   347 | D:1      | 347 ||| Stepping ~*~*~tactically~*~*~ (hiding).
   449 | D:1      | 449 ||| Stepping ~*~*~tactically~*~*~ (hiding).
   551 | D:1      | 551 ||| Stepping ~*~*~tactically~*~*~ (hiding).
   743 | D:1      | Reached XP level 3. HP: 20/21 MP: 7/7
   768 | D:1      | Found a faded altar of an unknown god.
   784 | D:1      | Reached skill level 4 in Axes
   784 | D:1      | 784 ||| Stepping ~*~*~tactically~*~*~ (stealth).
  1300 | D:1      | 1300 ||| UPGRADING to +0 ring mail of positive energy.
  1310 | D:1      | 1310 ||| DROPPING +0 leather armour.
  1311 | D:1      | 1311 ||| UPGRADING to +0 cloak.
  1316 | D:1      | 1316 ||| READING scroll labelled SANAIC JEAM.
  1317 | D:1      | 1317 ||| READING scroll labelled ONUTRAECON.
  1320 | D:1      | 1320 ||| DROPPING scroll of blinking.
  1474 | D:2      | 1474 ||| DROPPING +0 club.
  1738 | D:2      | 1738 ||| Stepping ~*~*~tactically~*~*~ (stealth).
  2212 | D:2      | 2212 ||| UPGRADING to +0 pair of gloves.
  2217 | D:2      | 2217 ||| UPGRADING to +0 plate armour.
  2227 | D:2      | 2227 ||| DROPPING +0 ring mail of positive energy.
  2228 | D:2      | 2228 ||| DROPPING amulet of faith.
  2229 | D:2      | 2229 ||| READING scroll labelled YRGHAG BIEGUZ.
  2230 | D:2      | 2230 ||| READING scroll labelled VIURIA HOHYGOS.
  2231 | D:2      | 2231 ||| READING 2 scrolls labelled ASISAU WENLUPP.
  2232 | D:2      | 2232 ||| Stepping randomly (stuck).
  2233 | D:2      | 2233 ||| Stepping ~*~*~tactically~*~*~ (cloud).
  2234 | D:2      | HP: 4/21 [poisoned by you (poison gas)]
  2235 | D:2      | HP: 1/21 [poisoned by you (poison gas)]
  2236 | D:2      | Succumbed to their own poison gas

Levels and vault maps discovered:
D:1:      lightli_iron_boxes, layout_basic, shapermc_ecumenical_altar_gd
D:2:      layout_loops_ring

Skill      XL: |  1  2  3 |
---------------+----------+-----
Axes           | 3 4 |  4.5
Fighting       | |  2.0
Throwing       | |  1.0
Armour         | |  1.1
Dodging        | |  2.1
Spellcasting   | |  2.0
Translocations | |  2.4

Action                   || total
-------------------------++-------
Melee: Hand axe          ||    90
       Peck              ||    11
       Kick              ||    16
Throw: Boomerang         ||     7
  Use: Scroll            ||     5
Armor: Leather armour    ||    14
       Ring mail         ||     9
Dodge: Dodged            ||    31

Table legend:
 A = Non-vault XP
 B = Vault XP
 C = Vault XP percentage of total XP
 D = Non-vault monster count
 E = Vault monster count
 F = Vault count percentage of total count
                 A         B        C        D         E       F
            +---------+---------+-------+---------+---------+-------
      Total |      77 |       0 |   0.0 |      44 |       0 |   0.0
            +---------+---------+-------+---------+---------+-------
        D:1 |      55 |       0 |   0.0 |      31 |       0 |   0.0
        D:2 |      22 |       0 |   0.0 |      13 |       0 |   0.0
            +---------+---------+-------+---------+---------+-------
